 Dungeon Crawl Stone Soup version 0.31-a0-214-gb37851dbb3 (webtiles) character file.

Game seed: 10989529271389723484

102 qw the Shooter (level 4, -9/26 HPs)
             Began as a Gargoyle Hexslinger on July 1, 2023.
             Killed by divine providence
             ... invoked by an orc priest
              (12 damage)
             ... on level 3 of the Dungeon.
             The game lasted 00:00:53 (2225 turns).

qw the Shooter (Gargoyle Hexslinger)                Turns: 2225, Time: 00:00:54

Health: -9/26      AC:  9    Str: 11    XL:     4   Next: 77%
Magic:  5/5        EV: 10    Int: 14    God:
Gold:   121        SH:  0    Dex: 14    Spells: 4/5 levels left

rFire   . . .        Y - +1 sling
rCold   . . .        (no shield)
rNeg    + . .        d - +0 ring mail
rPois   inf          (no helmet)
rElec   +            (no cloak)
rCorr   .            (no gloves)
SInv    .            b - +0 pair of boots
Will    .....        c - amulet of regeneration
Stlth   +            (no ring)
HPRegen 1.04/turn    (no ring)
MPRegen 0.09/turn

%: no passive effects
@: no status effects
A: sickness immunity, AC +3, negative energy resistance 1, electricity
resistance, torment resistance 1, petrification resistance
a: no special abilities


You were on level 3 of the Dungeon.
You visited 1 branch of the dungeon, and saw 3 of its levels.

You collected 121 gold pieces.


Innate Abilities, Weirdness & Mutations

You are immune to sickness and miasma.
Your stone body is resilient. (AC +3)
You are immune to poison.
You resist negative energy. (rN+)
You are resistant to electric shocks. (rElec)
You are resistant to unholy torment.
You are immune to petrification.


   Skills:
 - Level 2.0 Fighting
 + Level 4.3 Ranged Weapons
 - Level 1.0 Armour
 - Level 1.5 Dodging
 - Level 1.0 Spellcasting
 - Level 2.6 Hexes


You had 4 spell levels left.
You knew the following spells:

 Your Spells              Type           Power      Damage    Failure   Level
a - Slow                  Hex            32%        N/A       21%         1

Your spell library contained the following spells:

 Spells                   Type           Power      Damage    Failure   Level
 Inner Flame              Hex/Fire       4%         N/A       71%         3
 Portal Projectile        Hex/Tloc       8%         N/A       71%         3
 Cause Fear               Hex            4%         N/A       90%         4

Inventory:

Hand Weapons
 Y - a +1 sling (weapon)
Armour
 b - a +0 pair of boots (worn)
 d - a +0 ring mail (worn)
Jewellery
 c - an amulet of regeneration (around neck)
Scrolls
 a - a scroll of enchant armour {unknown}
 e - a scroll of identify
 g - a scroll of teleportation {unknown}
 h - a scroll of silence {unknown}
Potions
 f - a potion of mutation

Dungeon Overview and Level Annotations

Branches:
Dungeon (3/15)

Altars:

Shops:
D:2 (


Message History

You kill the orc!
The orc priest hits you from afar with a +0 trident.
You shoot a sling bullet. The sling bullet barely misses the orc.
The sling bullet closely misses the orc priest.
The sling bullet hits the orc but does no damage.
The orc priest barely misses you.
You shoot a sling bullet. The sling bullet barely misses the orc.
The orc priest misses you. The orc barely misses you.
The orc hits you but does no damage.
The orc priest hits you from afar with a +0 trident.
The orc misses you.
You shoot a sling bullet.
The sling bullet hits the orc but does no damage.
The orc priest invokes the aid of Beogh against you.
Beogh smites you! The orc hits you but does no damage. x2
You shoot a sling bullet. The sling bullet barely misses the orc.
The orc priest hits you but does no damage.
The orc misses you. The orc hits you but does no damage.
You shoot a sling bullet.
The sling bullet hits the orc but does no damage.
An adder comes into view.
The orc priest hits you from afar with a +0 trident.
The orc closely misses you. The orc hits you but does no damage.
The orc priest barely misses you. The orc hits you with a +0 club.
The orc barely misses you.
You shoot a sling bullet. The sling bullet barely misses the orc.
The adder hisses angrily.
The orc priest hits you from afar with a +0 trident.
The orc hits you with a +0 club. The orc hits you but does no damage.
You shoot a sling bullet.
The sling bullet closely misses the orc.
The orc priest misses you. The orc hits you but does no damage.
The orc hits you with a +0 club.
You shoot a sling bullet.
The sling bullet hits the orc but does no damage.
The orc priest hits you but does no damage.
The orc closely misses you. The orc completely misses you.
The orc priest invokes the aid of Beogh against you.
Beogh smites you!
You die...

.....####.....####. ###
#.## ...................
#.## .#.######..<..####
#.## ...# ##...##
##########.## ### ##..#
#..........## ##.#
#####.#######..## .#
#.........###..##
###.####.#######..).....
.....oo@.# #.###.###
#.....So.# #.# #.#
#.#.####.# #.# #.# # #.#
#.# #.# #.# #.# #.# #.#
#.# #.# #.. ..# #.# ###
... ..#


You could see an orc priest, an adder and 2 orcs.

Vanquished Creatures
  2 adders
  2 worms
  2 dart slugs
  4 orcs
  5 endoplasms
  A giant cockroach (D:2)
  6 goblins
  5 hobgoblins
  5 jackals
  2 quokkas
  5 ball pythons
  9 bats
  4 frilled lizards
  9 kobolds
  7 rats
68 creatures vanquished.

Notes
Turn   | Place    | Note
-------+----------+-------------------------------------------
     0 | D:1      | qw the Gargoyle Hexslinger began the quest for the Orb.
     0 | D:1      | Reached XP level 1. HP: 12/12 MP: 2/2
     0 | D:1      | 0 ||| qw: Version: 0.3-a-32-g5962c71
     0 | D:1      | 0 ||| qw: Game counter: 7563
     0 | D:1      | 0 ||| qw: Melee chars always use a shield: true
     0 | D:1      | 0 ||| qw: God list: Okawaru
     0 | D:1      | 0 ||| qw: Allow faded altars: false
     0 | D:1      | 0 ||| qw: Do Orc after clearing Dungeon:15 true
     0 | D:1      | 0 ||| qw: Do second Lair branch before Depths: true
     0 | D:1      | 0 ||| qw: Lair rune preference: random
     0 | D:1      | 0 ||| qw: Goals: Normal
     0 | D:1      | 0 ||| PLANNING D:1-11
   135 | D:1      | Reached XP level 2. HP: 11/16 MP: 3/3
   295 | D:1      | Reached skill level 3 in Ranged Weapons
   361 | D:1      | HP: 4/17 [jackal (1)]
   542 | D:1      | Reached XP level 3. HP: 21/21 MP: 4/4
  1103 | D:1      | 1103 ||| UPGRADING to +0 ring mail.
  1113 | D:1      | 1113 ||| DROPPING +0 robe.
  1114 | D:1      | 1114 ||| DROPPING amulet of magic regeneration.
  1115 | D:1      | 1115 ||| READING scroll labelled YRIKIU IMUEHEPT.
  1116 | D:1      | 1116 ||| READING scroll labelled YDEALI DOIDAS.
  1117 | D:1      | 1117 ||| READING scroll labelled ZUEFYLAIGUBE.
  1118 | D:1      | 1118 ||| READING scroll labelled LIGACK YMEIHENG.
  1119 | D:1      | 1119 ||| READING scroll labelled MAOHOR TEOPHIO.
  1120 | D:1      | 1120 ||| DROPPING scroll of poison.
  1229 | D:2      | 1229 ||| Stepping ~*~*~tactically~*~*~ (outnumbered).
  1344 | D:2      | Found Etalupra's Antique Weapon Boutique.
  1382 | D:2      | 1382 ||| SHOPLISTING ivory longbow (299 gold, have 100).
  1382 | D:2      | 1382 ||| SHOPLISTING twisted sling (169 gold, have 100).
  1395 | D:2      | Reached XP level 4. HP: 24/26 MP: 5/5
  1526 | D:2      | Found a faded altar of an unknown god.
  1579 | D:2      | Reached skill level 4 in Ranged Weapons
  1936 | D:2      | 1936 ||| UPGRADING to +0 pair of boots.
  1941 | D:2      | 1941 ||| UPGRADING to amulet of regeneration.
  1946 | D:2      | 1946 ||| READING scroll labelled ZEODEDD XAEQ.
  1947 | D:2      | 1947 ||| READING 2 scrolls of identify.
  1947 | D:2      | 1947 ||| IDENTIFYING red potion
  2026 | D:3      | Reached skill level 1 in Armour
  2222 | D:3      | HP: 6/26 [orc/+0 club (1)]
  2223 | D:3      | HP: 1/26 [orc/+0 club (5)]
  2225 | D:3      | Killed from afar by an orc priest

Levels and vault maps discovered:
D:1:      onia_arrival_mini_maze, layout_loops_corners, minmay_close_crescents
D:2:      layout_basic, serial_shops, shop,
          chequers_ecumenical_altar_simple_redux
D:3:      layout_loops_ring, mainiacjoe_overflow_concentric_impassable

Skill      XL: |  1  2  3  4 |
---------------+-------------+-----
Ranged Weapons | 3 4 |  4.3
Fighting       | 2 |  2.0
Armour         | 1 |  1.0
Dodging        | |  1.5
Spellcasting   | |  1.0
Hexes          | |  2.6

Action                     |  1- 3 |  4- 6 || total
---------------------------+-------+-------++-------
   Fire: Sling             |   128 |   114 ||   242
    Use: Scroll            |     5 |     2 ||     7
 Armour: Robe              |    14 |       ||    14
         Ring mail         |     7 |    53 ||    60
  Dodge: Dodged            |    40 |    59 ||    99

Table legend:
 A = Non-vault XP
 B = Vault XP
 C = Vault XP percentage of total XP
 D = Non-vault monster count
 E = Vault monster count
 F = Vault count percentage of total count
                 A         B        C        D         E       F
            +---------+---------+-------+---------+---------+-------
      Total |     138 |       8 |   5.5 |      61 |       7 |  10.3
            +---------+---------+-------+---------+---------+-------
        D:1 |      43 |       8 |  15.7 |      24 |       7 |  22.6
        D:2 |      57 |       0 |   0.0 |      23 |       0 |   0.0
        D:3 |      38 |       0 |   0.0 |      14 |       0 |   0.0
            +---------+---------+-------+---------+---------+-------
